 Dungeon Crawl Stone Soup version 0.32-a0-519-g08f29ac1c3 (webtiles) character file.

Game seed: 8551517809403252240

3199 screwdriver the Grappler (level 9, -9/68 HPs)
             Began as a Mummy Fighter on Feb 27, 2024.
             Was an Elder of Yredelemnul.
             Engulfed by a fire crab's flame (35 damage)
             ... on level 8 of the Dungeon.
             The game lasted 00:11:24 (8852 turns).

screwdriver the Grappler (Mummy Fighter)            Turns: 8852, Time: 00:11:24

Health: -9/68      AC: 17    Str: 23    XL:     9   Next: 64%
Magic:  0/12       EV:  9    Int: 14    God:    Yredelemnul [****..]
Gold:   560        SH:  5    Dex: 11    Spells: 8/8 levels left

rFire   x .          .
                       - Unarmed
rCold   + + .        b - +0 buckler
rNeg    + + +        g - +6 scale mail "Muoshaed" {rC+ Int+3}
rPois   ∞            f - +2 helmet {Int+3}
rElec   .            s - +0 cloak
rCorr   .            (no gloves)
SInv    .            h - +0 pair of boots
Will    +....        j - amulet of guardian spirit Stlth
                     (no ring)
HPRegen 0.31/turn    (no ring)
MPRegen 0.13/turn

%: guardian spirit, faith
@: about to teleport, wreathed by umbra
A: cold resistance 1, negative energy resistance 3, torment resistance 2, heat
vulnerability 1, in touch with death 1, no potions, faith
a: Renounce Religion, Light the Black Torch, Recall Undead Harvest, Hurl
Torchlight, Bind Soul


You were on level 8 of the Dungeon.
You worshipped Yredelemnul.
Yredelemnul was noncommittal.
You visited 2 branches of the dungeon, and saw 9 of its levels.

You collected 560 gold pieces.

Inventory:

Armour
 b - a +0 buckler (worn)
 f - a +2 helmet of intelligence (worn)
 g - the +6 scale mail "Muoshaed" (worn) {rC+ Int+3}
   (You found it on level 6 of the Dungeon)

   Int+3:     It affects your intelligence (+3).
   rC+:       It protects you from cold.
 h - a +0 pair of boots (worn)
 r - a +1 chain mail of poison resistance
 s - a +0 cloak (worn)
Jewellery
 j - an amulet of guardian spirit (around neck)
Wands
 i - a wand of roots (14)
 l - a wand of flame (16)
 u - a wand of paralysis (11)
Scrolls
 a - 2 scrolls of silence {!r}
 c - a scroll of torment
 d - 5 scrolls of teleportation {@r3}
 e - 3 scrolls of identify {@r1}
 k - a scroll of enchant armour
 m - 2 scrolls of fog {@r2}
 n - 2 scrolls of poison
 o - a scroll of noise
 p - 4 scrolls of amnesia
 q - a scroll of immolation
 t - a scroll of vulnerability {!r}


   Skills:
 - Level 5.0 Fighting
 - Level 2.4 Armour
 + Level 7.1 Shields
 - Level 8.0 Unarmed Combat
 - Level 4.0 Invocations


You had 8 spell levels left.
You didn't know any spells.
Your spell library contained the following spells:

 Spells                   Type           Power      Damage    Failure   Level
 Freeze                   Ice            0%         1d3       65%         1
 Magic Dart               Conj           0%         1d3       65%         1
 Call Imp                 Summ           0%         N/A       78%         2
 Cigotuvi's Dreadful Rot  Necr/Alch/Air  0%         N/A       78%         2
 Ensorcelled Hibernation  Hex/Ice        0%         N/A       78%         2
 Momentum Strike          Conj/Tloc      0%         3d8       78%         2
 Searing Ray              Conj           0%         2d4       78%         2
 Frozen Ramparts          Ice            0%         1d1       95%         3
 Hailstorm                Conj/Ice       0%         3d5       95%         3
 Passwall                 Erth           0%         N/A       95%         3
 Swiftness                Air            0%         N/A       95%         3
 Fulminant Prism          Conj/Alch      0%         3d5       100%        4
 Ignite Poison            Fire/Alch      0%         N/A       100%        4
 Leda's Liquefaction      Alch/Erth      0%         N/A       100%        4
 Petrify                  Alch/Erth      0%         N/A       100%        4
 Freezing Cloud           Conj/Ice/Air   0%         6-21      100%        5
 Metabolic Englaciation   Hex/Ice        0%         N/A       100%        5
 Summon Hydra             Summ           0%         N/A       100%        7
 Sublimation of Blood     Necr           Unusable   N/A       N/A         2

Dungeon Overview and Level Annotations

Branches:
Dungeon (8/15)             Temple (1/1) D:4            Lair (0/5) D:8

Altars:
Ashenzari
Cheibriados
Dithmenos
Fedhas
Gozag
Hepliaklqana
Kikubaaqudgha
Makhleb
Nemelex Xobeh
Okawaru
Qazlal
Ru
Sif Muna
Trog
Uskayaw
Vehumet
Wu Jian
Xom
Yredelemnul

Shops:
D:3 :   D:7 :


Innate Abilities, Weirdness & Mutations

You are immune to poison.
Your flesh is cold resistant. (rC+)
You are immune to negative energy. (rN+++)
You are immune to unholy pain and torment.
You are vulnerable to heat. (rF-)
You are in touch with the powers of death.
You do not drink.
You have a special connection with the divine. (Faith)


Message History

Unknown command.
Unknown command.
There is a shaft here.
You hit the fire crab but do no damage. The fire crab breathes flames at you.
The blast of flame engulfs you. The fire burns you terribly!
Your spectral shadow imp is engulfed in blazing flames.
Your spectral crimson imp is engulfed in blazing flames.
Your orc warrior zombie is engulfed in blazing flames.
Your orc warrior zombie is destroyed!
You hit the fire crab.
The fire crab is lightly wounded.
You are engulfed in blazing flames.
The fire crab bites you but does no damage.
The fire crab barely misses you.
Your spectral crimson imp is engulfed in blazing flames.
Your spectral crimson imp is destroyed!
Your spectral shadow imp is engulfed in blazing flames.
Your spectral shadow imp is destroyed!
Your spectral crimson imp is engulfed in blazing flames.
You hit the fire crab but do no damage.
The fire crab is lightly wounded.
You are engulfed in blazing flames.
The fire crab breathes flames at you.
The blast of flame engulfs you but does no damage.
Your spectral crimson imp is engulfed in blazing flames.
Your spectral crimson imp is destroyed!
As you read the scroll of teleportation {@r3}, it crumbles to dust.
You feel strangely unstable.
You are engulfed in blazing flames.
Your spectral crimson imp is engulfed in blazing flames.
You block the fire crab's attack. x2
Aiming: Paralyse
Press: ? - help, Q - select action, (/) - cycle Shift-Dir - straight line, f - fire crab
Aim: a fire crab (lightly wounded, ally target, umbra, chance to affect: 31%)
The fire crab easily resists.
You are engulfed in blazing flames.
Ouch! That really hurt!
You die...
You join the legions of the undead harvest.

#.#.§§§>.≈≈.#.###.#
#...≈≈.≈≈≈≈Z..# #.#
..#.≈§≈§≈≈..#.# #.#
.#...≈§§......# #.#
..#.........### #.#
#Z##.#.#.#.## #Z#
#Z########## #Z#
#Z# #######.# #.#
#....t@.# #Z#
##.####### #.#
##...## #.#
##.....## #.#
#.......# #.#
#.......# #.#
#.......# #.#
##..<..## #.#
##...##


You could see a fire crab (ally target) and 2 friendly spectral crimson imps.

Vanquished Creatures
  Edmund (D:6)
  A water moccasin (D:6)
  A black bear (D:5)
  3 orc warriors
  A sky beast (D:7)
  2 centaurs
  A phantom (D:4)
  2 bullfrogs
  A kobold brigand (D:6)
  4 scorpions
  A wight (D:8)
  7 crimson imps (D:8)
  4 hounds
  A jelly (D:6)
  A gnoll bouda (D:7)
  4 orc priests
  3 iguanas
  6 orc wizards
  8 adders
  16 gnolls
  A shadow imp (D:8)
  2 white imps
  2 ribbon worms
  3 dart slugs
  26 orcs
  4 endoplasms
  3 giant cockroaches
  31 goblins
  26 hobgoblins
  4 jackals (D:2)
  2 quokkas
  5 ball pythons
  6 bats
  3 frilled lizards
  4 kobolds
  5 rats
195 creatures vanquished.

Vanquished Creatures (collateral kills)
  4 black bears
  An ogre (D:5)
  2 wights (D:8)
  5 gnolls
  An adder (D:5)
  2 orcs (D:6)
  5 hobgoblins (D:4)
  5 goblins (D:4)
  A kobold (D:6)
  An orc zombie (D:5)
27 creatures vanquished.

Vanquished Creatures (others)
  2 spectral crimson imps (D:8)
  An iguana zombie (D:6)
  A spectral shadow imp (D:8)
  An adder zombie (D:6)
  A gnoll zombie (D:4)
  5 goblin zombies (D:4)
  4 hobgoblin zombies (D:4)
  12 orc zombies
27 creatures vanquished.

Grand Total: 249 creatures vanquished

Notes
Turn   | Place    | Note
-------+----------+-------------------------------------------
     0 | D:1      | screwdriver the Mummy Fighter began the quest for the Orb.
     0 | D:1      | Reached XP level 1. HP: 18/18 MP: 1/1
    86 | D:1      | Reached skill level 2 in Unarmed Combat
   239 | D:1      | Found a faded altar of an unknown god.
   239 | D:1      | Noticed a chaos spawn
   291 | D:1      | Reached XP level 2. HP: 24/24 MP: 2/2
   953 | D:2      | Reached XP level 3. HP: 29/29 MP: 3/3
  1384 | D:2      | Reached skill level 3 in Unarmed Combat
  1414 | D:2      | Reached XP level 4. HP: 37/37 MP: 4/4
  2188 | D:3      | Reached XP level 5. HP: 25/42 MP: 5/5
  2399 | D:3      | Reached skill level 4 in Unarmed Combat
  2708 | D:3      | Found Mamah's Book Emporium.
  3305 | D:4      | Noticed a phantom
  3328 | D:4      | Killed a phantom
  3329 | D:4      | Reached XP level 6. HP: 45/49 MP: 6/6
  3580 | D:4      | Found a staircase to the Ecumenical Temple.
  3797 | Temple   | Entered the Ecumenical Temple
  3853 | Temple   | Became a worshipper of Yredelemnul the Fallen
  4119 | D:4      | Reached skill level 5 in Fighting
  4171 | D:4      | Reached * piety under Yredelemnul
  4172 | D:4      | Reached skill level 5 in Unarmed Combat
  4435 | D:4      | Reached ** piety under Yredelemnul
  4486 | D:4      | Reached XP level 7. HP: 49/56 MP: 4/7
  4964 | D:5      | Entered Level 5 of the Dungeon
  5030 | D:5      | Reached skill level 6 in Unarmed Combat
  5134 | D:5      | Reached *** piety under Yredelemnul
  5186 | D:5      | Reached skill level 7 in Unarmed Combat
  5186 | D:5      | Reached XP level 8. HP: 19/62 MP: 2/8
  5564 | D:5      | Found a bloodstained altar of Trog.
  5575 | D:5      | Reached skill level 8 in Unarmed Combat
  5618 | D:5      | Found a shimmering blue altar of Sif Muna.
  5622 | D:5      | Got Sif Muna's Handbook of Powerful Angles
  6000 | D:6      | Identified the +6 scale mail "Muoshaed" {rC+ Int+3}
  6016 | D:6      | Reached skill level 1 in Invocations
  6103 | D:6      | Noticed Edmund
  6126 | D:6      | Killed Edmund
  6460 | D:6      | Reached XP level 9. HP: 68/68 MP: 9/11
  7053 | D:7      | Reached skill level 5 in Shields
  7286 | D:7      | Found Wequw's Book Shoppe.
  7996 | D:8      | Found a staircase to the Lair.
  7997 | D:8      | Noticed a fire crab
  8485 | D:8      | Found a blossoming altar of Fedhas.
  8699 | D:8      | Reached **** piety under Yredelemnul
  8852 | D:8      | Engulfed by a fire crab's flame

Illustrated notes

Levels and vault maps discovered:
D:1:      shiori_shiawase, layout_basic,
          dreamdust_ecumenical_altar_sealed_demon, st_stairs_12
D:2:      layout_loops_corners
D:3:      layout_basic, serial_shops, nicolae_shop_hallway_plus
D:4:      minmay_goblin_kobold_castle, layout_gridville,
          minmay_temple_entry_statues_pillars, minmay_misc_feat_cross
D:5:      layout_loops_ring, nzn_overflow_gifts_of_might_and_magic
D:6:      layout_basic, uniq_edmund
D:7:      layout_loops_corners, serial_shops, nicolae_shop_rolling_square
D:8:      layout_loops_ring, mainiacjoe_overflow_concentric_impassable,
          minmay_lair_entry_lava, minmay_nine_imps
Temple:   dpeg_five_rooms_temple

Skill      XL: |  1  2  3  4  5  6  7  8  9 |
---------------+----------------------------+-----
Unarmed Combat | 2 3 4 5 7 8 |  8.0
Fighting       | 4 5 |  5.0
Shields        | 4 7 |  7.1
Invocations    | 3 4 |  4.0
Armour         | |  2.4

Action                     |  1- 3 |  4- 6 |  7- 9 || total
---------------------------+-------+-------+-------++-------
  Melee: Unarmed           |   175 |   346 |   391 ||   912
 Invoke: Light the Black T |       |     1 |     4 ||     5
  Evoke: Wand              |       |       |     1 ||     1
    Use: Scroll            |       |       |    12 ||    12
   Stab: Distracted        |       |     1 |       ||     1
 Armour: Scale mail        |    48 |       |   181 ||   229
         Chain mail        |    58 |   297 |   128 ||   483
  Dodge: Dodged            |    78 |   125 |   162 ||   365
         Repelled          |     1 |     1 |       ||     2
  Block: Buckler           |    39 |    48 |    89 ||   176

Table legend: (Time is in decaauts)
 A = Elapsed time spent in this place.
 B = Non-inter-level travel time spent in this place.
 C = Inter-level travel time spent in this place.
 D = Time resting spent in this place.
 E = Time spent auto-exploring this place.
 F = Levels seen in this place.
 G = Mean time per level.
                   A        B        C        D        E       F      G
               +--------+--------+--------+--------+--------+-----+--------+
         Total |   8799 |   8454 |    345 |    576 |   6293 |   9 |  977.7 |
       Dungeon |   8628 |   8400 |    228 |    576 |   6251 |   8 | 1078.5 |
        Temple |    171 |     54 |    117 |      0 |     42 |   1 |  171.0 |
               +--------+--------+--------+--------+--------+-----+--------+

Top non-repeatable levels by time:
     D:4: 1651 daAuts
     D:2: 1178 daAuts
     D:3: 1140 daAuts
     D:7: 1100 daAuts
     D:6: 970 daAuts
     D:5: 899 daAuts
     D:8: 875 daAuts
     D:1: 811 daAuts
  Temple: 171 daAuts
